AoeStats
← 月がきれいですね

Arena

510313495Analyzed
4v4 RM · 3d ago on Sep 30, 2026· 24m 46s· 8 players
Game mode
Random Map
Map size
Large (8 player)
Population
200
Speed
Normal
Resources
Standard
Victory
Conquest
Starting age
Dark Age
Ending age
Imperial Age
RankedLock teamsTeams togetherTeam positionsShared explorationLock speedFull tech treeHidden civsTurbo modeCheats
Victory
Defeat
🇹🇼 Danes · Taiwan
1139
+13
🇷🇺 Turks · Russia
1133
+13
🇷🇺 Saracens · Russia
1132
+13
🇷🇺 Spanish · Russia
1079
+15
🇫🇷 Turks · France
1101
-15
🇮🇳 Franks · India
1099
-15
🇨🇳 Portuguese · China
1035
-12
1029
-12
oawanphf2u
9:04 Loom
10:51 Feudal Age
12:20 Double-Bit Axe
16:13 Castle Age
18:05 Bow Saw
22:43 Wheelbarrow
23:51 Hand Cart
francis le tueur
13:09 Feudal Age
14:51 Double-Bit Axe
14:48 Horse Collar
15:01 Gold Mining
17:45 Castle Age
22:03 Imperial Age
20:33 Padded Archer Armor
23:51 Leather Archer Armor
月がきれいですね
10:31 Feudal Age
14:12 Castle Age
12:59 Double-Bit Axe
13:18 Horse Collar
15:19 Bow Saw
16:51 Loom
18:59 Heavy Plow
21:01 Wheelbarrow
24:24 Hand Cart
忒瑞
10:12 Feudal Age
15:35 Castle Age
14:44 Double-Bit Axe
17:08 Bow Saw
20:43 Horse Collar
20:54 Loom
23:55 Fortified Wall
aa621514
11:12 Feudal Age
15:49 Castle Age
15:13 Double-Bit Axe
19:41 Bow Saw
24:31 Hamask
joe19940606
12:05 Feudal Age
16:33 Castle Age
15:21 Loom
Michael嘉
12:46 Feudal Age
16:47 Castle Age
14:34 Double-Bit Axe
14:40 Gold Mining
21:20 Imperial Age
20:04 Bow Saw
23:35 Wheelbarrow
XIU
11:38 Feudal Age
15:52 Castle Age
13:58 Double-Bit Axe
14:34 Horse Collar
16:29 Bloodlines
16:24 Loom
17:09 Bow Saw
19:53 Wheelbarrow
23:18 Husbandry
Connection lost

Rejoining the realm…

Still unreachable

The connection could not be restored.

Session expired

The server has moved on; the page needs a fresh start.